 Dungeon Crawl Stone Soup version 0.24-a0-613-g1ff6aac338 (webtiles) character file.

Game seed: 6503966068261126999, levelgen mode: deterministic

681694 Paladin the Conqueror (level 27, -11/249 HPs)
             Began as a Human Fighter on Sept 9, 2019.
             Was the Champion of the Shining One.
             Killed from afar by a Hell Sentinel (58 damage)
             ... with an iron shot
             ... on level 1 of the Depths on Sept 10, 2019.
             The game lasted 08:14:44 (72151 turns).

Paladin the Conqueror (Human Fighter)              Turns: 72151, Time: 08:14:44

Health: -11/249    AC: 33    Str: 22 (23) XL:     27
Magic:  32/32      EV: 17    Int: 10 (13) God:    the Shining One [******]
Gold:   1379       SH: 26    Dex: 22 (23) Spells: 26/26 levels left

rFire    + + +     SeeInvis .   a - +2 Maxwell's thermic engine {flame, freeze}
rCold    + . .     Gourm    .   x - +2 large shield {reflect}
rNeg     + + +     Faith    .   t - +10 plate armour {MR+}
rPois    +         Spirit   .   p - +2 helmet "Teotryevi" {rPois Dex+4}
rElec    .         Reflect  +   y - scarf {rC+ rF+}
rCorr    .         Harm     .   Z - +0 pair of fencer's gloves {Riposte Dex+3}
MR       +++..                  U - +1 pair of boots of Duggeez {Int+3}
Stlth    ..........             T - amulet of regeneration
HPRegen  0.51/turn              m - ring of protection from fire
MPRegen  0.23/turn              A - ring of protection from fire

@: about to teleport, glowing
A: hooves 1, icy blue scales 1, blurry vision 1, clumsy 1, deformed body,
deterioration 1, wild magic 2, no potion heal 1
0: Orb of Zot
}: 4/15 runes: decaying, serpentine, silver, abyssal
a: Divine Shield, Cleansing Flame, Summon Divine Warrior, Brand Weapon With Holy
Wrath, Renounce Religion


You were on level 1 of the Depths.
You worshipped the Shining One.
The Shining One was exalted by your worship.
You were very hungry.

You visited 10 branches of the dungeon, and saw 50 of its levels.
You visited the Abyss 1 time.
You visited 1 bazaar.
You also visited: Bailey and Gauntlet.

You collected 7084 gold pieces.
You spent 5705 gold pieces at shops.

Inventory:

Hand Weapons
 a - the +2 Maxwell's thermic engine (weapon) {flame, freeze}
   (You acquired it on level 11 of the Dungeon)

   It has been specially enchanted to burn those struck by it, causing extra
   injury to most foes and up to half again as much damage against particularly
   susceptible opponents.
   Big, fiery blades are also staple armaments of hydra-hunters.
   It has been specially enchanted to freeze those struck by it, causing extra
   injury to most foes and up to half again as much damage against particularly
   susceptible opponents.
Armour
 c - quicksilver dragon scales
 h - a +1 pair of gloves
 p - the +2 helmet "Teotryevi" (worn) {rPois Dex+4}
   (You bought it in a shop on level 2 of the Orcish Mines)

   It affects your dexterity (+4).
   It protects you from poison.
 t - a +10 plate armour of magic resistance (worn)
 x - a +2 large shield of reflection (worn)
 y - a scarf of resistance (worn)
 Q - the +0 chain mail "Mul Xoam" {rPois rF- Str+4 Int+5}
   (You found it on level 5 of the Realm of Zot)

   It affects your strength (+4).
   It affects your intelligence (+5).
   It makes you vulnerable to fire.
   It protects you from poison.
 U - the +1 pair of boots of Duggeez (worn) {Int+3}
   (You bought it in a shop on level 13 of the Dungeon)

   It affects your intelligence (+3).
 Z - the +0 pair of fencer's gloves (worn) {Riposte Dex+3}
   (You found it in a Gauntlet)

   It affects your dexterity (+3).
Jewellery
 m - a ring of protection from fire (left hand)
 o - an uncursed ring of stealth
 w - a +3 amulet of reflection
 z - an uncursed amulet of rage
 A - a ring of protection from fire (right hand)
 B - the ring of Fokut {+Blink rPois AC+6}
   (You bought it in a shop on level 1 of the Elven Halls)

   [ring of protection]

   It affects your AC (+6).
   It protects you from poison.
   It lets you blink.
 C - a cursed amulet of the gourmand
 E - an uncursed ring of flight
 G - the ring "Boacy" {Str+4 Int+2 Dex+3}
   (You found it on level 3 of the Elven Halls)

   [ring of strength]

   It affects your strength (+4).
   It affects your intelligence (+2).
   It affects your dexterity (+3).
 I - an uncursed ring of ice
 J - an uncursed ring of resist corrosion
 M - an uncursed amulet of the acrobat
 T - an amulet of regeneration (around neck)
 X - the ring "Woavidgh" {rC+ rN+ Str+2 Stlth+}
   (You found it on level 1 of the Swamp)

   [ring of positive energy]

   It affects your strength (+2).
   It protects you from cold.
   It protects you from negative energy.
   It makes you more stealthy.
Wands
 r - a wand of disintegration (23)
 u - a wand of flame (15)
 F - a wand of polymorph (23)
 V - a wand of digging (8)
Scrolls
 e - 15 scrolls of identify
 k - 25 scrolls of remove curse
 l - 9 scrolls of enchant weapon
 n - a scroll of fog
 q - 15 scrolls of teleportation
 D - 4 scrolls of fear
 H - 2 scrolls of summoning
 N - a scroll of silence
 O - a scroll of holy word
 P - 8 scrolls of amnesia
 S - 10 scrolls of magic mapping
Potions
 b - 6 potions of agility
 d - 2 potions of cancellation
 g - 6 potions of lignification
 i - 4 potions of magic
 s - 2 potions of resistance
 K - a potion of berserk rage
 L - 8 potions of might
 Y - a potion of curing
Miscellaneous
 j - a lamp of fire
 R - a lamp of fire
Comestibles
 f - 72 rations


   Skills:
 O Level 27 Fighting
 + Level 22.6 Long Blades
 - Level 18.6 Armour
 - Level 15.0 Dodging
 - Level 22.0 Shields
 - Level 13.0 Invocations


You had 26 spell levels left.
You didn't know any spells.
Your spell library contained the following spells:

 Spells                   Type           Power        Failure   Level  Hunger
 Animate Skeleton         Necr           N/A          99%         1    ##.....
 Apportation              Tloc           #.....       99%         1    ##.....
 Confusing Touch          Hex            #.....       99%         1    ##.....
 Flame Tongue             Conj/Fire      #....        99%         1    ##.....
 Magic Dart               Conj           #...         99%         1    ##.....
 Pain                     Necr           #...         99%         1    ##.....
 Sandblast                Erth           #.....       99%         1    ##.....
 Shock                    Conj/Air       #...         99%         1    ##.....
 Summon Butterflies       Summ           #.......     99%         1    ##.....
 Summon Small Mammal      Summ           #...         99%         1    ##.....
 Blink                    Tloc           N/A          100%        2    ###....
 Corpse Rot               Necr           N/A          100%        2    ###....
 Ensorcelled Hibernation  Hex/Ice        #.....       100%        2    ###....
 Passwall                 Tmut/Erth      #.......     100%        2    ###....
 Poisonous Vapours        Pois/Air       #.....       100%        2    ###....
 Searing Ray              Conj           #.....       100%        2    ###....
 Shroud of Golubria       Chrm/Tloc      #.....       100%        2    ###....
 Sublimation of Blood     Necr           #.........   100%        2    ###....
 Swiftness                Chrm/Air       #.......     100%        2    ###....
 Throw Flame              Conj/Fire      #.....       100%        2    ###....
 Confuse                  Hex            #.......     100%        3    ####...
 Conjure Flame            Conj/Fire      #.......     100%        3    ####...
 Dazzling Spray           Conj/Hex       #.....       100%        3    ####...
 Gell's Gravitas          Tloc           #.........   100%        3    ####...
 Inner Flame              Hex/Fire       #.......     100%        3    ####...
 Lesser Beckoning         Tloc           #.........   100%        3    ####...
 Mephitic Cloud           Conj/Pois/Air  #.......     100%        3    ####...
 Regeneration             Chrm/Necr      #.........   100%        3    ####...
 Static Discharge         Conj/Air       #.......     100%        3    ####...
 Stone Arrow              Conj/Erth      #.....       100%        3    ####...
 Teleport Other           Tloc           #.......     100%        3    ####...
 Tukima's Dance           Hex            #.......     100%        3    ####...
 Vampiric Draining        Necr           #.........   100%        3    ####...
 Airstrike                Air            #.........   100%        4    #####..
 Animate Dead             Necr           N/A          100%        4    #####..
 Cause Fear               Hex            #.........   100%        4    #####..
 Force Lance              Conj/Tloc      #.......     100%        4    #####..
 Fulminant Prism          Conj/Hex       #.........   100%        4    #####..
 Iskenderun's Mystic Bla  Conj           #.......     100%        4    #####..
 Leda's Liquefaction      Hex/Erth       #.........   100%        4    #####..
 Petrify                  Tmut/Erth      #.......     100%        4    #####..
 Sticky Flame             Conj/Fire      #.......     100%        4    #####..
 Summon Lightning Spire   Summ/Air       #.......     100%        4    #####..
 Agony                    Necr           #.......     100%        5    ######.
 Alistair's Intoxication  Tmut/Pois      #.......     100%        5    ######.
 Bolt of Draining         Conj/Necr      #.........   100%        5    ######.
 Borgnjor's Vile Clutch   Necr/Erth      #.........   100%        5    ######.
 Dispel Undead            Necr           #.......     100%        5    ######.
 Excruciating Wounds      Chrm/Necr      #.........   100%        5    ######.
 Fireball                 Conj/Fire      #.........   100%        5    ######.
 Lee's Rapid Deconstruct  Erth           #.........   100%        5    ######.
 Lightning Bolt           Conj/Air       #.........   100%        5    ######.
 Metabolic Englaciation   Hex/Ice        #.........   100%        5    ######.
 Silence                  Hex/Air        #.........   100%        5    ######.
 Summon Forest            Summ/Tloc      #.........   100%        5    ######.
 Yara's Violent Unravell  Hex/Tmut       #.........   100%        5    ######.
 Conjure Ball Lightning   Conj/Air       #.........   100%        6    #######
 Darkness                 Hex            #.........   100%        6    #######
 Deflect Missiles         Chrm/Air       #.........   100%        6    #######
 Freezing Cloud           Conj/Ice/Air   #.........   100%        6    #######
 Hydra Form               Tmut           #.........   100%        6    #######
 Invisibility             Hex            #.......     100%        6    #######
 Shadow Creatures         Summ           N/A          100%        6    #######
 Malign Gateway           Summ/Tloc      #.........   100%        7    #######
 Ring of Flames           Chrm/Fire      #.........   100%        7    #######
 Summon Hydra             Summ           #.........   100%        7    #######
 Tornado                  Air            #.........   100%        9    #######
 Passage of Golubria      Tloc           Unusable     N/A         4    N/A

Dungeon Overview and Level Annotations

Branches:
Dungeon (15/15)            Temple (1/1) D:7            Lair (6/6) D:11
  Swamp (4/4) Lair:3        Snake (4/4) Lair:3        Slime (0/5) Lair:5
    Orc (2/2) D:11            Elf (3/3) Orc:2        Vaults (5/5) D:14
  Crypt (0/3) Vaults:3     Depths (5/5) D:15            Zot (5/5) Depths:5
 Bailey (visited)         Gauntlet (visited)

Altars:
Ashenzari
Cheibriados
Dithmenos
Elyvilon
Fedhas
Gozag
Hepliaklqana
Kikubaaqudgha
Makhleb
Nemelex Xobeh
Okawaru
Qazlal
Ru
Sif Muna
Trog
Uskayaw
Vehumet
Wu Jian
Xom
Yredelemnul
Zin
The Shining One
Beogh

Shops:
D:4 (   D:6 :   D:13 [   Orc:2 ([!=   Elf:1 =[   Elf:3 *   Snake:1 ?
Vaults:2 %?*(   Vaults:3 [   Depths:1 }=}

Portals:
Hell: Depths:1 Depths:2 Depths:3 Depths:4 Depths:5
Abyss: Depths:4
Pandemonium: Depths:3
Ziggurat: Depths:5

Annotations:
D:2 1 exclusion
D:5 Prince Ribbit
Lair:6 exclusion: 4 oklob plants
Swamp:3 2 transporters, MirrMurr's ghost, adept CeBe
Snake:1 3 runed translucent doors, P0WERM0DE's ghost, journeyman GrFi; confidenceinterval's ghost, adept HOFi


Innate Abilities, Weirdness & Mutations

You have large cloven feet.
You are partially covered in icy blue scales. (AC +2)
Scrolls take you a little longer to read.
You are clumsy. (Dex -2)
Armour fits poorly on your strangely shaped body.
Your body sometimes deteriorates upon taking damage.
Your spells are harder to cast, but more powerful.
Potions are less effective at restoring your health.


Message History

You can't see that place. [the floor.]
The rock shatters into small pieces.
A Hell Sentinel comes into view.
Fiqin gestures at you. The crystal spear hits you!!!
* * * LOW HITPOINT WARNING * * *
Really read with blurry vision while enemies are nearby?
You begin reading the scroll.
You continue reading the scroll.
Fiqin gestures at you.
Your +2 large shield of reflection reflects the crystal spear!
The crystal spear hits Fiqin!!!!
You block the Hell Sentinel's attack.
The Hell Sentinel hits you but does no damage.
As you read the scroll of teleportation, it crumbles to dust.
You feel strangely unstable.
You feel the Orb delaying your translocation!
You block Fiqin's attack. The Hell Sentinel gestures at you.
The iron shot hits you!!!
You die...

#........##.# ##########
#........##.# #........##.#
#........##.# #........##.#
#........##.# #........##.#
#.......[##.# #.......1).@#
### #.........#.# #.#
#........#L&# #.#
#........##.## #.#
#........##.A########.######
#........##...A..A..........
#........###################
#........# ##########


You could see Fiqin, a Hell Sentinel, an ancient lich and a cherub.

Vanquished Creatures
  8 ancient liches
  Mara (Vaults:4)
  3 orbs of fire
  2 juggernauts
  Boris (Vaults:3)
  A shard shrike (Zot:5)
  10 Killer Klowns (Zot:5)
  Vashnia (Snake:2)
  5 caustic shrikes (Depths:5)
  Bai Suzhen (Swamp:3)
  7 golden dragons
  Nikola (Vaults:3)
  3 curse toes
  the Enchantress (Depths:5)
  3 electric golems
  7 liches
  15 tentacled monstrosities
  30 Orb Guardians
  Jorgrun (Swamp:1)
  Rupert (Lair:3)
  2 deep elf master archers (Elf:3)
  2 deep elf blademasters
  3 titans
  10 quicksilver dragons
  Asterion (Snake:3)
  Frances (Snake:2)
  4 sphinxes
  6 death cobs
  Roxanne (D:15)
  7 tengu reavers
  8 shadow dragons
  3 thorn hunters
  3 daevas (Depths:5)
  A draconian monk (Zot:3)
  Kirke (Lair:4)
  14 storm dragons
  2 draconian knights
  8 nagarajas
  3 draconian scorchers (Zot:3)
  12 fire giants
  6 deep elf sorcerers
  2 orc warlords
  5 ghost moths
  12 vault wardens
  5 deep elf elementalists
  2 iron dragons
  A caustic shrike zombie (Depths:3)
  10 frost giants
  Aizul (Swamp:4)
  2 reapers (Depths:3)
  12 ironheart preservers
  3 draconian annihilators
  5 draconian shifters
  13 very ugly things
  A draconian stormcaller (Depths:5)
  2 war gargoyles
  An entropy weaver (Vaults:2)
  7 green draconians
  6 spriggan defenders
  2 juggernaut skeletons (Depths:3)
  17 stone giants
  2 caustic shrike skeletons (Depths:3)
  7 deep elf demonologists
  A corrupter (Zot:2)
  10 black draconians
  5 deep elf annihilators
  15 purple draconians
  10 red draconians
  10 yellow draconians
  A minotaur (Gauntlet)
  11 white draconians
  11 deep elf death magi
  14 ettins
  A merfolk impaler (Depths:2)
  16 yaktaur captains
  7 fire dragons
  6 deep elf high priests
  2 jiangshi (Depths:1)
  31 vault guards
  10 ice dragons
  Harold (D:7)
  5 great orbs of eyes
  5 rakshasas
  18 naga warriors
  9 centaur warriors
  18 hydras
  4 spriggan air magi
  7 ogre magi
  17 anacondas
  9 deep troll shamans
  A shambling mangrove (Swamp:3)
  6 death knights
  29 two-headed ogres
  8 alligators
  3 death yaks
  9 spriggan berserkers
  22 naga sharpshooters
  30 dancing weapons
  A soul eater (Zot:2)
  8 tengu warriors
  5 deep troll earth magi
  A storm dragon zombie (Vaults:2)
  2 vampire magi
  10 spriggans
  4 shock serpents
  Sonja (Lair:5)
  7 iron trolls
  2 wretched stars
  23 deep elf knights
  3 skeletal warriors
  A sixfirhy (Zot:2)
  2 shadow wraiths
  5 wizards
  3 hell knights
  5 salamander mystics
  A spatial maelstrom (Abyss:5)
  2 spark wasp zombies
  2 titan skeletons
  3 spriggan druids (Swamp:4)
  39 deep trolls
  6 flayed ghosts
  3 unseen horrors
  8 swamp dragons
  18 deep elf archers
  2 glowing orange brains
  2 shadow demons
  10 naga ritualists
  7 phantasmal warriors
  A lindwurm (Lair:5)
  3 golden dragon skeletons (Depths:3)
  13 necromancers
  An orange crystal statue (Elf:1)
  16 ironbrand convokers
  A shadow dragon zombie (Depths:3)
  A tengu zombie (Depths:3)
  A wolf spider zombie (D:15)
  8 mana vipers
  A sphinx zombie (Depths:3)
  25 orc knights
  53 deep elf magi
  4 wolf spiders
  4 manticores
  39 slime creatures
  A frost giant zombie (Depths:2)
  A shadow dragon skeleton (Depths:3)
  2 sphinx skeletons
  2 worldbinders (Abyss:5)
  4 starcursed masses (Abyss:5)
  6 orc sorcerers
  23 ugly things
  32 moths of wrath
  A stone giant zombie (Depths:2)
  2 salamanders (shapeshifter) (Elf:1)
  9 salamanders
  2 frost giant skeletons (Depths:3)
  A stone giant skeleton (Vaults:2)
  4 cyclopes
  An iron dragon skeleton (Depths:3)
  2 apocalypse crabs (Abyss:5)
  A black mamba (shapeshifter) (Vaults:5)
  8 guardian serpents
  A guardian serpent (shapeshifter) (Vaults:1)
  2 fire giant skeletons
  32 black mambas
  18 vault sentinels
  13 elephants
  39 naga magi
  7 orange demons
  2 centaur skeletons
  25 spiny frogs
  3 kobold demonologists (D:14)
  A spriggan skeleton (Depths:3)
  A yaktaur zombie (Vaults:1)
  45 yaktaurs
  11 rime drakes
  2 tormentors (Zot:2)
  2 rime drakes (shapeshifter)
  A golden dragon simulacrum (Depths:3)
  13 komodo dragons
  A yaktaur skeleton (Vaults:2)
  An ice devil (Depths:2)
  2 tengu conjurers
  A meliai (shapeshifter) (Vaults:3)
  7 freezing wraiths
  8 large abominations
  A jumping spider (Vaults:2)
  A troll (shapeshifter) (Depths:4)
  A silent spectre (Abyss:5)
  5 polar bears
  4 tyrant leeches
  16 hornets
  7 bog bodies
  9 trolls
  A raiju (Abyss:5)
  12 hippogriffs
  A harpy skeleton (D:15)
  A polar bear (shapeshifter) (Vaults:3)
  An ettin zombie (Vaults:2)
  2 wind drakes (shapeshifter) (Depths:4)
  A hornet (shapeshifter) (Elf:1)
  A meliai zombie (D:15)
  A fire giant simulacrum (Vaults:2)
  5 dream sheep (Lair:6)
  19 blink frogs
  An iron dragon simulacrum (Depths:3)
  A centaur simulacrum (D:15)
  An air elemental (Elf:3)
  2 spriggans (shapeshifter)
  An elf zombie (Depths:3)
  2 shadows
  A water elemental (Elf:1)
  2 ettin skeletons (Abyss:5)
  4 fire elementals
  A hog (Lair:4)
  4 basilisks
  5 wraiths
  16 wyverns
  20 yaks
  6 steam dragons (Lair:5)
  2 hungry ghosts
  4 vampire mosquitoes (D:13)
  2 yaktaur simulacra
  6 wargs
  A soldier ant (shapeshifter) (Depths:4)
  4 acid dragons
  60 nagas
  17 water moccasins
  11 swamp worms
  10 porcupines
  2 floating eyes
  67 orc warriors
  12 swamp drakes
  A sky beast (D:12)
  An ice beast (D:7)
  An elf simulacrum (Depths:3)
  A black bear (Lair:3)
  8 small abominations
  31 ogres
  12 wolves
  15 boggarts
  4 elf skeletons
  28 centaurs
  9 crocodiles
  A human zombie (Vaults:2)
  2 big kobolds
  A gnoll sergeant (Orc:1)
  A human skeleton (Vaults:1)
  18 bullfrogs
  5 earth elementals
  A deep troll simulacrum (Vaults:1)
  A wyvern skeleton (D:14)
  6 scorpions
  An orc simulacrum (Vaults:1)
  4 wights (D:14)
  A howler monkey (D:5)
  9 crimson imps
  A lava snake (Lair:6)
  4 centaur zombies
  A bullfrog zombie (D:9)
  6 hounds
  12 jellies
  2 quasits
  35 orc priests
  2 bullfrog skeletons
  An iron imp (Depths:1)
  3 iguanas
  39 orc wizards
  5 hell rats
  11 worker ants
  A worker ant zombie (D:8)
  19 gnolls
  2 river rats (D:5)
  18 adders
  4 shadow imps
  8 oozes
  2 adder skeletons
  7 worms
  2 dart slugs (D:1)
  2 leopard geckos
  138 orcs
  3 ball pythons
  10 bats
  A giant cockroach (D:3)
  A giant cockroach (shapeshifter) (Vaults:5)
  4 hobgoblins
  3 jackals (D:3)
  5 quokkas
  5 frilled lizards
  13 goblins
  23 kobolds
  A leopard gecko skeleton (D:7)
  2 quokka skeletons
  7 rats
  4 briar patches
  2 crawling corpses
  A plant (Lair:6)
2303 creatures vanquished.

Vanquished Creatures (collateral kills)
  Boris (Vaults:5)
  A caustic shrike (Depths:4)
  A lich (Vaults:5)
  2 tentacled monstrosities
  A deep elf blademaster (Elf:3)
  A titan (Vaults:5)
  A deep elf sorcerer (Elf:3)
  2 cacodemons (Zot:2)
  A deep elf elementalist (Elf:3)
  A black draconian (Depths:5)
  2 deep elf annihilators (Elf:3)
  2 yellow draconians (Depths:5)
  A deep elf high priest (Vaults:5)
  A great orb of eyes (shapeshifter) (Vaults:5)
  A spriggan air mage (Depths:5)
  2 hydras (Swamp:4)
  An ogre mage (Vaults:5)
  A storm dragon zombie (Depths:3)
  A naga sharpshooter (Snake:2)
  A sixfirhy (Zot:2)
  A torturous demonspawn (Zot:2)
  A necromancer (Depths:3)
  2 orange demons (Zot:2)
  An iron dragon simulacrum (Depths:3)
  A spriggan (Depths:5)
  An acid dragon (shapeshifter) (Vaults:5)
  3 swamp drakes (Swamp:4)
  2 orcs (Bailey)
  3 kobolds (Bailey)
40 creatures vanquished.

Vanquished Creatures (others)
  A fire giant (Depths:3)
  A yaktaur captain (Depths:5)
  Fannar (Lair:3)
  A deep elf knight (Elf:1)
  2 deep elf archers
  A lindwurm (Lair:5)
  An orc knight (Vaults:1)
  A naga mage (Snake:1)
  A rime drake (Lair:5)
  A yaktaur (Depths:5)
  A hornet (Swamp:4)
  A spriggan (Swamp:4)
  A fire elemental (Elf:3)
  A swamp worm (Swamp:3)
  3 nagas
  A centaur (Vaults:1)
  3 killer bees (D:12)
  An orc (Vaults:4)
  9 fungi
  14 plants (Lair:6)
46 creatures vanquished.

Grand Total: 2389 creatures vanquished

Notes
Turn   | Place    | Note
-------+----------+-------------------------------------------
     0 | D:1      | Paladin the Human Fighter began the quest for the Orb.
     0 | D:1      | Reached XP level 1. HP: 18/18 MP: 1/1
   127 | D:1      | Reached XP level 2. HP: 24/24 MP: 2/2
   279 | D:1      | Reached XP level 3. HP: 28/29 MP: 3/3
  1021 | D:3      | Reached XP level 4. HP: 35/35 MP: 4/4
  1712 | D:3      | Reached XP level 5. HP: 30/41 MP: 5/5
  1924 | D:3      | Reached skill level 5 in Long Blades
  2284 | D:3      | Reached XP level 6. HP: 40/47 MP: 6/6
  2861 | D:4      | Found Xole's Weapon Shoppe.
  2873 | D:4      | Found a shadowy altar of Dithmenos.
  3145 | D:4      | Found an ornate altar of the Wu Jian Council.
  3634 | D:5      | Entered Level 5 of the Dungeon
  4070 | D:5      | Noticed an ogre
  4143 | D:5      | Killed an ogre
  4143 | D:5      | Reached XP level 7. HP: 26/52 MP: 7/7
  4520 | D:5      | Noticed Prince Ribbit
  5299 | D:6      | Found Kafiroew's Book Emporium.
  5555 | D:6      | Reached XP level 8. HP: 16/58 MP: 8/8
  6160 | D:6      | Got a jewelled rapier
  6161 | D:6      | Identified the +4 rapier "Mucoff" {drain, Dex+6} (You found
                  | it on level 6 of the Dungeon)
  6643 | D:7      | Found a staircase to the Ecumenical Temple.
  6702 | Temple   | Entered the Ecumenical Temple
  6726 | Temple   | Became a worshipper of the Shining One
  6873 | D:7      | Reached skill level 10 in Long Blades
  6981 | D:7      | Noticed Harold
  7274 | D:7      | Killed Harold
  7274 | D:7      | Reached XP level 9. HP: 10/63 MP: 9/9
  7580 | D:7      | Noticed a hippogriff
  7597 | D:7      | Killed a hippogriff
  7707 | D:7      | Found a hazy altar of Hepliaklqana.
  7716 | D:7      | Found a hide-covered altar of Uskayaw.
  7717 | D:7      | Found a sparkling altar of Nemelex Xobeh.
  7918 | D:7      | Found a shattered altar of Ashenzari.
  8209 | D:8      | Reached skill level 1 in Dodging
  8255 | D:8      | Reached * piety under the Shining One
  8677 | D:8      | Reached XP level 10. HP: 41/70 MP: 10/10
  9215 | D:9      | Reached skill level 5 in Dodging
  9837 | D:10     | Entered Level 10 of the Dungeon
 10025 | D:10     | Found a shattered altar of Ashenzari.
 11009 | D:10     | Reached ** piety under the Shining One
 11410 | D:4      | Bought a +2 long sword of flaming for 201 gold pieces
 11618 | D:11     | Found a staircase to the Orcish Mines.
 11892 | D:11     | Noticed a death yak
 11910 | D:11     | Noticed a death yak
 11916 | D:11     | Noticed a death yak
 11941 | D:10     | Killed a death yak
 11941 | D:10     | Reached XP level 11. HP: 21/75 MP: 11/11
 12662 | D:11     | Found a staircase to the Lair.
 12663 | D:11     | Identified a scroll of acquirement
 12666 | D:11     | Found the +2 Maxwell's thermic engine {flame, freeze}
 12693 | D:11     | Killed a death yak
 12693 | D:11     | Reached skill level 5 in Fighting
 12697 | D:11     | Killed a death yak
 12697 | D:11     | Reached skill level 6 in Fighting
 12915 | D:11     | Reached skill level 7 in Fighting
 13279 | Lair:1   | Entered Level 1 of the Lair of Beasts
 13454 | Lair:1   | Reached skill level 8 in Fighting
 14186 | Lair:1   | Reached XP level 12. HP: 94/94 MP: 12/12
 14583 | Lair:2   | Reached skill level 9 in Fighting
 14893 | Lair:2   | Got a polished hat
 14904 | Lair:2   | Identified the -5 hat of Ashenzari's Supremacy {rPois
                  | Int+2} (You acquired it on level 2 of the Lair of Beasts)
 14935 | Lair:2   | Reached skill level 5 in Armour
 15275 | Lair:3   | Noticed Rupert
 15456 | Lair:3   | Noticed Fannar
 15477 | Lair:3   | Killed Fannar
 15584 | Lair:3   | Noticed an eight-headed hydra
 15590 | Lair:3   | Killed a five-headed hydra
 15836 | Lair:3   | Paralysed by Rupert for 5 turns
 16181 | Lair:3   | Found a staircase to the Snake Pit.
 16210 | Lair:3   | Reached *** piety under the Shining One
 16240 | Lair:3   | Found a staircase to the Swamp.
 16248 | Lair:3   | Reached XP level 13. HP: 101/101 MP: 13/13
 16577 | Lair:3   | Paralysed by Rupert for 2 turns
 16588 | Lair:3   | Killed Rupert
 16836 | Lair:3   | Noticed an eight-headed hydra
 16841 | Lair:3   | Killed a five-headed hydra
 16841 | Lair:3   | Reached skill level 15 in Long Blades
 17621 | Lair:4   | Noticed an eight-headed hydra
 17628 | Lair:4   | Killed a four-headed hydra
 18153 | Lair:4   | Reached skill level 1 in Invocations
 18408 | Lair:4   | Noticed Kirke
 18523 | Lair:4   | Killed Kirke
 19057 | Lair:5   | Found a gate leading to a gauntlet.
 19066 | Gauntlet | Entered a Gauntlet
 19066 | Gauntlet | Found a transporter.
 19072 | Gauntlet | Found a transporter.
 19073 | Gauntlet | Found a transporter.
 19092 | Gauntlet | Found a transporter.
 19093 | Gauntlet | Found a transporter.
 19356 | Gauntlet | Found a transporter.
 19366 | Gauntlet | Found a transporter.
 19367 | Gauntlet | Found a transporter.
 19381 | Gauntlet | Reached skill level 10 in Fighting
 19384 | Gauntlet | Found a transporter.
 19422 | Gauntlet | Found a transporter.
 19457 | Gauntlet | Found a transporter.
 19604 | Gauntlet | Noticed a minotaur
 19613 | Gauntlet | Killed a minotaur
 19621 | Gauntlet | Found the +0 pair of fencer's gloves {Riposte Dex+3}
 19622 | Gauntlet | Got a faintly humming scale mail
 19649 | Gauntlet | Identified the +0 scale mail "Vetuada" {rC+ rN+ MR+ Dex+3}
                  | (You found it in a Gauntlet)
 19776 | Lair:5   | Found a staircase to the Slime Pits.
 19812 | Lair:5   | Reached XP level 14. HP: 99/99 MP: 17/17
 19882 | Lair:5   | Reached skill level 5 in Shields
 19988 | Lair:5   | Noticed Sonja
 19994 | Lair:5   | Killed Sonja
 20538 | Lair:6   | Entered Level 6 of the Lair of Beasts
 20731 | Lair:6   | Reached skill level 10 in Shields
 20866 | Lair:6   | Reached **** piety under the Shining One
 20956 | Lair:6   | Reached XP level 15. HP: 100/117 MP: 18/18
 21882 | Orc:1    | Entered Level 1 of the Orcish Mines
 21910 | D:11     | Reached skill level 11 in Fighting
 22489 | Orc:1    | Found a roughly hewn altar of Beogh.
 22930 | Orc:2    | Entered Level 2 of the Orcish Mines
 23054 | Orc:2    | Noticed an orc warlord
 23073 | Orc:2    | Killed an orc warlord
 23256 | Orc:2    | Reached skill level 12 in Fighting
 23334 | Orc:2    | Found a roughly hewn altar of Beogh.
 23335 | Orc:2    | Found Uclirph's Jewellery Shoppe.
 23390 | Orc:2    | Found a roughly hewn altar of Beogh.
 23390 | Orc:2    | Found Netuh's Antique Armour Shoppe.
 23391 | Orc:2    | Found Ericeodgh's Antique Weapon Emporium.
 23406 | Orc:2    | Bought a pitted helmet for 313 gold pieces
 23406 | Orc:2    | Bought a shiny plate armour for 858 gold pieces
 23416 | Orc:2    | Identified the +2 helmet "Teotryevi" {rPois Dex+4} (You
                  | bought it in a shop on level 2 of the Orcish Mines)
 23523 | Orc:2    | Found a roughly hewn altar of Beogh.
 23580 | Orc:2    | Found a roughly hewn altar of Beogh.
 23589 | Orc:2    | Found Piacushre's Distillery.
 23598 | Orc:2    | Bought a potion of heal wounds for 85 gold pieces
 23598 | Orc:2    | Bought a potion of might for 68 gold pieces
 23598 | Orc:2    | Bought a potion of curing for 51 gold pieces
 23598 | Orc:2    | Bought a potion of curing for 51 gold pieces
 23598 | Orc:2    | Bought a potion of heal wounds for 85 gold pieces
 23813 | Orc:2    | Found a staircase to the Elven Halls.
 23867 | Orc:2    | Found a roughly hewn altar of Beogh.
 23944 | Orc:2    | Found a roughly hewn altar of Beogh.
 23979 | Orc:2    | Found a roughly hewn altar of Beogh.
 24042 | Orc:2    | Found a roughly hewn altar of Beogh.
 24042 | Orc:2    | Reached ***** piety under the Shining One
 24214 | Orc:2    | Bought a cursed ring of teleportation for 63 gold pieces
 24214 | Orc:2    | Bought a cursed -3 ring of strength for 28 gold pieces
 24274 | Orc:2    | Bought a potion of might for 68 gold pieces
 24274 | Orc:2    | Bought a potion of resistance for 170 gold pieces
 24521 | D:12     | Reached skill level 10 in Armour
 25252 | D:13     | Found a flagged portal.
 25269 | Bailey   | Entered a bailey
 25276 | Bailey   | Noticed an orc warlord
 25297 | Bailey   | Found the +9 sword of Zonguldrok {reap}
 25347 | Bailey   | Found a runed translucent gate.
 25349 | Bailey   | Found a runed translucent gate.
 25363 | Bailey   | Found a runed translucent gate.
 25428 | Bailey   | Killed an orc warlord
 25428 | Bailey   | Reached XP level 16. HP: 120/129 MP: 8/19
 25909 | D:13     | Reached skill level 13 in Fighting
 26009 | D:13     | Found Reuteik's Armour Shop.
 26017 | D:13     | Bought the +1 pair of boots of Duggeez {Int+3} for 364 gold
                  | pieces
 26788 | D:14     | Reached skill level 5 in Invocations
 27191 | D:14     | Found a gate to the Vaults.
 27694 | D:15     | Entered Level 15 of the Dungeon
 28455 | D:15     | Reached ****** piety under the Shining One
 28687 | D:15     | Noticed Roxanne
 28749 | D:15     | Killed Roxanne
 29079 | D:15     | Found a staircase to the Depths.
 29573 | Swamp:1  | Entered Level 1 of the Swamp
 29590 | Swamp:1  | Got a bound glass ring
 29592 | Swamp:1  | Identified the ring "Woavidgh" {rC+ rN+ Str+2 Stlth+} (You
                  | found it on level 1 of the Swamp)
 29791 | Swamp:1  | Noticed a thorn hunter
 29802 | Swamp:1  | Killed a thorn hunter
 29806 | Swamp:1  | Reached XP level 17. HP: 61/136 MP: 22/22
 30319 | Swamp:1  | Noticed Jorgrun
 30326 | Swamp:1  | Killed Jorgrun
 30825 | Swamp:2  | Noticed a thorn hunter
 30846 | Swamp:2  | Killed a thorn hunter
 31060 | Swamp:2  | Reached skill level 14 in Fighting
 31060 | Swamp:2  | Reached XP level 18. HP: 146/146 MP: 23/23
 31651 | Swamp:3  | Noticed Bai Suzhen
 31679 | Swamp:3  | Killed Bai Suzhen
 31732 | Swamp:3  | Noticed MirrMurr's ghost (adept CeBe)
 31756 | Swamp:3  | Found a transporter.
 31760 | Swamp:3  | Found a transporter.
 31844 | Swamp:3  | Found the +7 Singing Sword {slice, sonic wave}
 32233 | Swamp:4  | Entered Level 4 of the Swamp
 32341 | Swamp:4  | Noticed Aizul
 32649 | Swamp:4  | Killed Aizul
 32737 | Swamp:4  | Got a decaying rune of Zot
 33322 | Snake:1  | Entered Level 1 of the Snake Pit
 33322 | Snake:1  | Found a runed translucent gate.
 33322 | Snake:1  | Found a runed translucent gate.
 33322 | Snake:1  | Found a runed translucent gate.
 33322 | Snake:1  | Noticed confidenceinterval's ghost (adept HOFi)
 33336 | Snake:1  | Noticed P0WERM0DE's ghost (journeyman GrFi)
 33467 | Snake:1  | Reached XP level 19. HP: 142/152 MP: 24/24
 33942 | Snake:1  | Found Zosmuy's Magic Scroll Emporium.
 33945 | Snake:1  | Bought a scroll of blinking for 150 gold pieces
 33945 | Snake:1  | Bought a scroll of enchant armour for 150 gold pieces
 33945 | Snake:1  | Bought a scroll of enchant weapon for 150 gold pieces
 34438 | Snake:2  | Noticed Frances
 34449 | Snake:2  | Killed Frances
 34785 | Snake:2  | Noticed Vashnia
 34801 | Snake:2  | Upgraded the game from 0.24-a0-592-g9a1d66b0e3 to
                  | 0.24-a0-613-g1ff6aac338
 34997 | Snake:2  | Killed Vashnia
 34997 | Snake:2  | Reached skill level 15 in Fighting
 35404 | Snake:3  | Noticed Asterion
 35419 | Snake:3  | Killed Asterion
 36139 | Snake:4  | Entered Level 4 of the Snake Pit
 36152 | Snake:4  | Reached XP level 20. HP: 129/164 MP: 21/25
 36422 | Snake:4  | Reached skill level 16 in Fighting
 36639 | Snake:4  | Identified the Handbook of Malediction and Calling
 37378 | Snake:4  | Got a serpentine rune of Zot
 37410 | Snake:4  | Reached skill level 10 in Invocations
 37950 | Vaults:1 | Entered Level 1 of the Vaults
 38038 | Vaults:1 | Reached skill level 15 in Armour
 38195 | Vaults:1 | Reached XP level 21. HP: 106/171 MP: 29/29
 38736 | Vaults:1 | Reached skill level 10 in Dodging
 39338 | Vaults:2 | Found Fiapp's Antique Weapon Emporium.
 39400 | Vaults:2 | Found Tyk Izan's Assorted Antiques.
 39407 | Vaults:2 | Bought a glowing scarf for 240 gold pieces
 39940 | Vaults:2 | Found Womury's Magic Scroll Emporium.
 40351 | Vaults:2 | Found Yplocwut's Food Emporium.
 40482 | Vaults:2 | Reached skill level 17 in Fighting
 40733 | Vaults:2 | Got a shimmering plate armour
 40744 | Vaults:2 | Identified the +3 plate armour "Xioch" {rC+ Str+7 Int-4}
                  | (You found it on level 2 of the Vaults)
 40906 | Vaults:3 | Noticed Nikola
 41010 | Vaults:3 | Killed Nikola
 41241 | Vaults:3 | Found Zucyhog's Armour Boutique.
 41319 | Vaults:3 | Found a staircase to the Crypt.
 41447 | Vaults:3 | Reached XP level 22. HP: 170/182 MP: 30/30
 41869 | Vaults:3 | Reached skill level 18 in Fighting
 42578 | Vaults:4 | Noticed Boris
 42578 | Vaults:4 | Noticed Mara
 42582 | Vaults:4 | Noticed Paladin's illusion
 42601 | Vaults:3 | Killed Boris
 42806 | Vaults:4 | Noticed Paladin's illusion
 42835 | Vaults:4 | Killed Mara
 43051 | Vaults:4 | Reached skill level 19 in Fighting
 43265 | Vaults:4 | Got a faintly glowing falchion
 43266 | Vaults:4 | Identified the cursed +1 falchion of the Depths {flame, rN+
                  | Str+2} (You found it on level 4 of the Vaults)
 43758 | Vaults:5 | Entered Level 5 of the Vaults
 43758 | Vaults:5 | Noticed a golden dragon
 43821 | Vaults:5 | Reached XP level 23. HP: 133/194 MP: 20/31
 43835 | Vaults:5 | Killed a golden dragon
 43839 | Vaults:5 | Found the macabre finger necklace {rN+}
 43867 | Vaults:5 | Got a silver rune of Zot
 44064 | Vaults:5 | Reached skill level 20 in Fighting
 44479 | Vaults:5 | Noticed Boris
 44489 | Vaults:5 | Killed Boris
 44508 | Vaults:5 | Noticed a golden dragon
 44508 | Vaults:5 | Gained mutation: Armour fits poorly on your strangely
                  | shaped body. [a shining eye]
 44587 | Vaults:5 | Noticed an ancient lich
 44591 | Vaults:5 | Paralysed by an ancient lich for 6 turns
 44604 | Vaults:5 | Killed an ancient lich
 44831 | Vaults:5 | Identified the Reference Book on Orientation and the Blaze
 44899 | Vaults:5 | Reached XP level 24. HP: 70/206 MP: 31/31
 44940 | Vaults:5 | HP: 6/206 [tengu reaver/bolt of lightning (44)]
 44961 | Vaults:5 | Reached skill level 21 in Fighting
 45276 | Vaults:5 | Got a slimy jade ring
 45280 | Vaults:5 | Identified the cursed ring "Teixzila" {rElec rF- rN+ EV-3
                  | Dex+7} (You found it on level 5 of the Vaults)
 46578 | Depths:1 | Entered Level 1 of the Depths
 46915 | Depths:1 | Found Fiun Mom's Gadget Boutique.
 46916 | Depths:1 | Found Xisuim's Jewellery Emporium.
 46917 | Depths:1 | Found Etiorury's Gadget Boutique.
 46930 | Depths:1 | Bought an uncursed ring of protection from fire for 500
                  | gold pieces
 47262 | Depths:1 | Reached skill level 22 in Fighting
 47329 | Depths:1 | Found a gateway to Hell.
 47443 | Depths:2 | Paralysed by a floating eye for 2 turns
 47459 | Depths:2 | Noticed a juggernaut
 47687 | Depths:1 | Killed a juggernaut
 47858 | Depths:2 | Noticed a golden dragon
 47947 | Depths:2 | Reached XP level 25. HP: 212/217 MP: 30/31
 47963 | Depths:2 | Identified the +3 dire flail of Gluttony {crush, Int+2}
 48133 | Depths:2 | Identified the cursed +1 shortbow "Luxeyxue" {flame, +Blink
                  | Dex+3}
 49016 | Depths:3 | Found a one-way gate leading to the halls of Pandemonium.
 49786 | Depths:3 | Found an ancient bone altar of Kikubaaqudgha.
 49786 | Depths:3 | Noticed an ancient lich
 49815 | Depths:3 | Killed an ancient lich
 49848 | Depths:3 | Reached skill level 15 in Shields
 50570 | Depths:4 | Found a one-way gate to the infinite horrors of the Abyss.
 50607 | Depths:4 | Noticed a caustic shrike
 50624 | Depths:4 | Killed a caustic shrike
 50626 | Depths:4 | Reached XP level 26. HP: 59/224 MP: 23/32
 51238 | Depths:4 | Noticed a juggernaut
 51249 | Depths:4 | Killed a juggernaut
 51526 | Depths:4 | Got a spiked cloak
 51537 | Depths:4 | Identified the +2 cloak of Plasticity {Regen+ Stlth+} (You
                  | acquired it on level 4 of the Depths)
 52072 | Depths:5 | Entered Level 5 of the Depths
 52383 | Depths:5 | Noticed the Enchantress
 52413 | Depths:5 | Killed the Enchantress
 52777 | Depths:5 | Found a gate to the Realm of Zot.
 53413 | Depths:5 | Found a gateway to a ziggurat.
 53834 | Depths:5 | Identified the +6 large shield of the Barber Surgeon {*Slow
                  | rF+++ Int+4}
 54161 | Depths:5 | Reached skill level 15 in Dodging
 54161 | Depths:5 | Reached XP level 27. HP: 191/231 MP: 32/32
 54847 | Elf:1    | Entered Level 1 of the Elven Halls
 54873 | Elf:1    | Found a radiant altar of Vehumet.
 54989 | Elf:1    | Found a gateway to a bazaar.
 54995 | Bazaar   | Entered a bazaar
 55004 | Bazaar   | Found Lesoaloh's Antique Weapon Shoppe.
 55015 | Bazaar   | Found Lober's Antique Weapon Emporium.
 55034 | Bazaar   | Found Golabeuv's Antique Armour Shoppe.
 55039 | Bazaar   | Bought a runed scarf for 208 gold pieces
 55058 | Bazaar   | Found Godemuf's Antique Armour Emporium.
 55063 | Bazaar   | Bought a runed large shield for 165 gold pieces
 55192 | Elf:1    | You fall into a shaft and drop 1 floor!
 55335 | Elf:2    | Found a huge runed translucent gate.
 55335 | Elf:2    | Found a huge runed translucent gate.
 55335 | Elf:2    | Found a huge runed translucent gate.
 55336 | Elf:2    | Found a huge runed translucent gate.
 55340 | Elf:2    | Found a huge runed translucent gate.
 56695 | Elf:1    | Found Lisom's Jewellery Shoppe.
 56717 | Elf:1    | Bought the ring of Fokut {+Blink rPois AC+6} for 1539 gold
                  | pieces
 56883 | Elf:1    | Found Ytig's Armour Shoppe.
 57098 | Elf:3    | Entered Level 3 of the Elven Halls
 57156 | Elf:3    | Found Oworea's Mayhem Merchandise.
 57471 | Elf:3    | Found a shimmering blue altar of Sif Muna.
 58430 | Elf:3    | Found the +3 robe of Clouds {+Thunder rCloud rElec}
 58431 | Elf:3    | Got a scintillating wooden ring
 58435 | Elf:3    | Identified the ring "Boacy" {Str+4 Int+2 Dex+3} (You found
                  | it on level 3 of the Elven Halls)
 58532 | Elf:3    | Got a glittering crystal amulet
 58534 | Elf:3    | Identified the amulet "Afuisukonk" {RegenMP rPois} (You
                  | found it on level 3 of the Elven Halls)
 59106 | Vaults:2 | Bought a scroll of enchant armour for 90 gold pieces
 59106 | Vaults:2 | Bought a scroll of teleportation for 36 gold pieces
 59106 | Vaults:2 | Bought a scroll of teleportation for 36 gold pieces
 59106 | Vaults:2 | Bought a scroll of teleportation for 36 gold pieces
 59462 | Zot:1    | Entered Level 1 of the Realm of Zot
 60624 | Zot:1    | You fall into a shaft and drop 1 floor!
 62199 | Zot:3    | Noticed an orb of fire
 62880 | Zot:3    | Gained mutation: Your spells are a little easier to cast,
                  | but a little less powerful. [an orb of fire]
 62886 | Zot:3    | Gained mutation: You are clumsy. (Dex -2) [an orb of fire]
 62888 | Zot:3    | Gained mutation: Your spells are easier to cast, but less
                  | powerful. [an orb of fire]
 62895 | Zot:3    | Gained mutation: You are very clumsy. (Dex -4) [an orb of
                  | fire]
 62898 | Zot:3    | Killed an orb of fire
 63525 | Zot:3    | HP: 8/233 [quicksilver dragon/bolt of dispelling energy
                  | (28)]
 64544 | Zot:3    | Reached skill level 23 in Fighting
 66135 | Lair:1   | Lost mutation: Armour fits poorly on your strangely shaped
                  | body. [potion of mutation]
 66135 | Lair:1   | Lost mutation: Your spells are easier to cast, but less
                  | powerful. [potion of mutation]
 66135 | Lair:1   | Lost mutation: You are very clumsy. (Dex -4) [potion of
                  | mutation]
 66135 | Lair:1   | Gained mutation: You are very clumsy. (Dex -4) [potion of
                  | mutation]
 66135 | Lair:1   | Gained mutation: You are partially covered in icy blue
                  | scales. (AC +2) [potion of mutation]
 66135 | Lair:1   | Gained mutation: You are covered in fur. (AC +1) [potion of
                  | mutation]
 66136 | Lair:1   | Lost mutation: You are very clumsy. (Dex -4) [potion of
                  | mutation]
 66136 | Lair:1   | Lost mutation: Your spells are a little easier to cast, but
                  | a little less powerful. [potion of mutation]
 66136 | Lair:1   | Lost mutation: You are clumsy. (Dex -2) [potion of
                  | mutation]
 66136 | Lair:1   | Gained mutation: You are dopey. (Int -2) [potion of
                  | mutation]
 66136 | Lair:1   | Gained mutation: You evolve. [potion of mutation]
 66137 | Lair:1   | Lost mutation: You are dopey. (Int -2) [potion of mutation]
 66137 | Lair:1   | Lost mutation: You are covered in fur. (AC +1) [potion of
                  | mutation]
 66137 | Lair:1   | Lost mutation: You evolve. [potion of mutation]
 66137 | Lair:1   | Gained mutation: You have large cloven feet. [potion of
                  | mutation]
 66137 | Lair:1   | Gained mutation: Your spells are a little harder to cast,
                  | but a little more powerful. [potion of mutation]
 66611 | Zot:5    | Entered Level 5 of the Realm of Zot
 66664 | Zot:5    | Reached skill level 24 in Fighting
 66985 | Zot:5    | Noticed a Killer Klown
 66995 | Zot:5    | Noticed an ancient lich
 67013 | Zot:5    | Cast into level 5 of the Abyss (an ancient lich)
 67013 | Abyss:5  | Entered Level 5 of the Abyss
 67013 | Abyss:5  | Entered Level 5 of the Abyss
 67013 | Abyss:5  | Entered Level 5 of the Abyss
 67051 | Abyss:5  | Got an abyssal rune of Zot
 67121 | Abyss:5  | Paralysed by accursed screaming for 1 turns
 67168 | Zot:5    | Escaped the Abyss
 67177 | Zot:5    | Killed a Killer Klown
 67185 | Zot:5    | Killed an ancient lich
 67222 | Zot:5    | Reached skill level 25 in Fighting
 67257 | Zot:5    | Noticed a Killer Klown
 67261 | Zot:5    | Noticed a shard shrike
 67261 | Zot:5    | a Killer Klown changed into a shard shrike
 67273 | Zot:5    | Killed a shard shrike
 67707 | Zot:5    | Noticed an orb of fire
 67710 | Zot:5    | Gained mutation: Armour fits poorly on your strangely
                  | shaped body. [an orb of fire]
 67733 | Zot:5    | Gained mutation: Scrolls take you a little longer to read.
                  | [an orb of fire]
 67741 | Zot:5    | Killed an orb of fire
 67915 | Zot:5    | Noticed a Killer Klown
 67933 | Zot:5    | Killed a Killer Klown
 67944 | Zot:5    | Noticed a Killer Klown
 67968 | Zot:5    | Noticed a Killer Klown
 67998 | Zot:5    | Killed a Killer Klown
 68033 | Zot:5    | Killed a Killer Klown
 68773 | Zot:5    | Noticed a Killer Klown
 68816 | Zot:5    | Killed a Killer Klown
 68969 | Zot:5    | Noticed a Killer Klown
 68994 | Zot:5    | Killed a Killer Klown
 69039 | Zot:5    | Noticed a Killer Klown
 69048 | Zot:5    | Noticed a Killer Klown
 69054 | Zot:5    | Noticed an ancient lich
 69059 | Zot:5    | Noticed an orb of fire
 69060 | Zot:5    | Noticed a Killer Klown
 69061 | Zot:5    | Noticed a Killer Klown
 69063 | Zot:5    | Noticed an ancient lich
 69063 | Zot:5    | Gained mutation: You are agile. (Dex +2) [an orb of fire]
 69119 | Zot:4    | Reached skill level 26 in Fighting
 69339 | Zot:5    | Gained mutation: Your body sometimes deteriorates upon
                  | taking damage. [an orb of fire]
 69341 | Zot:4    | Lost mutation: You are agile. (Dex +2) [an orb of fire]
 69348 | Zot:4    | Gained mutation: Potions are less effective at restoring
                  | your health. [an orb of fire]
 69352 | Zot:4    | Gained mutation: You are weak. (Str -2) [an orb of fire]
 69368 | Zot:4    | Lost mutation: You are weak. (Str -2) [an orb of fire]
 69369 | Zot:4    | Killed an orb of fire
 69541 | Zot:5    | Killed an ancient lich
 69694 | Zot:5    | Killed an ancient lich
 69711 | Zot:5    | Killed a Killer Klown
 69720 | Zot:5    | Killed a Killer Klown
 69988 | Zot:5    | Noticed an ancient lich
 70023 | Zot:5    | Reached skill level 27 in Fighting
 70057 | Zot:5    | Killed an ancient lich
 70291 | Zot:5    | Noticed an ancient lich
 70298 | Zot:5    | Noticed an ancient lich
 70316 | Zot:5    | Killed an ancient lich
 70381 | Zot:4    | Killed an ancient lich
 70587 | Zot:5    | Killed a Killer Klown
 70599 | Zot:5    | Killed a Killer Klown
 71114 | Zot:5    | Got an ancient chain mail
 71126 | Zot:5    | Identified the +0 chain mail "Mul Xoam" {rPois rF- Str+4
                  | Int+5} (You found it on level 5 of the Realm of Zot)
 71145 | Zot:5    | Got the Orb of Zot
 71310 | Zot:3    | HP: 6/248 [purple draconian stormcaller/divine providence
                  | (11)]
 71754 | Zot:2    | Gained mutation: You are clumsy. (Dex -2) [a cacodemon]
 71788 | Zot:2    | Noticed Qecuj the pandemonium lord
 71865 | Zot:1    | Noticed a seraph
 71870 | Depths:5 | Identified the +8 large shield "Kuvuxtaj" {*Slow rF+ Str+4
                  | Dex+5}
 72033 | Depths:4 | Gained mutation: Your spells are harder to cast, but more
                  | powerful. [a cacodemon]
 72122 | Depths:1 | Noticed Fiqin the pandemonium lord
 72122 | Depths:1 | Noticed an ancient lich
 72151 | Depths:1 | Killed from afar by a Hell Sentinel

Levels and vault maps discovered:
D:1:      dpeg_arrival_boxorama, layout_basic, serial_forest,
          infiniplex_forest_lined_room_, infiniplex_forest_lined_corner,
          infiniplex_forest_lined_3_way, infiniplex_forest_clump_double,
          infiniplex_forest_lined_3_way, infiniplex_forest_lined_2
D:2:      layout_loops_ring
D:3:      layout_loops_ring, first_ration
D:4:      layout_gridville, lemuel_coloured_pillars_altar,
          grunt_dithmenos_smoke, serial_shops, nicolae_shop_behind_doors,
          nrook_loot_triangle, hangedman_decor_diamond_cutter
D:5:      layout_basic, lightli_sewer_entry_pipes, uniq_prince_ribbit1
D:6:      layout_gridville, serial_shops, shop
D:7:      layout_basic, minitemple, minmay_temple_entry_arrows, uniq_harold
D:8:      layout_basic, hangedman_little_slice_of_home
D:9:      layout_rooms, serial_bayou_pond_a
D:10:     layout_cave_pods, evilmike_ruin_ashenzari
D:11:     layout_irregular_city, dpeg_lair_monsters, david_orc_1_choice
D:12:     layout_roguey, kennysheep_nub, lemuel_nasty_fountain
D:13:     layout_cave_pods, enter_bailey_2, serial_shops, shop
D:14:     layout_stronghold, skrybe_vaults_entry_preservation, solitary_fountain
D:15:     grunt_enter_depths_magical_seal, layout_cave_pools, special_room
          [special_room_orc], hangedman_decor_lopped, uniq_roxanne
Temple:   lightli_temple_of_artemis
Lair:1:   layout_chaotic_city, serial_bayou_shore_b, infiniplex_staircase_pool_2
Lair:2:   layout_concentric_octagons, grunt_megastairs_2, lemuel_fruit_tree
Lair:3:   layout_layer_cave, swamp_mist, guppyfry_snake_entry_garden,
          hangedman_lair_unloving_vines, uniq_rupert, uniq_fannar
Lair:4:   layout_cave_pods, uniq_kirke
Lair:5:   layout_regular_city, nicolae_slime_entry_slimehenge,
          gauntlet_entry_generic, bobbens_dragon_lair_wall, uniq_sonja
Lair:6:   hangedman_lair_tendril_chambers, layout_gridlike,
          minmay_lair_oklob_chamber, serial_bayou_shore_b
Swamp:1:  layout_basic_swamp, evilmike_swamp_ruin_wall, uniq_jorgrun
Swamp:2:  layout_falls_marsh, evilmike_swamp_ruin_house_3, swamp_pool2
Swamp:3:  layout_falls_marsh, gammafunk_ghost_arena,
          evilmike_swamp_ruin_house_5, uniq_bai_suzhen
Swamp:4:  swamp, layout_basic_swamp, uniq_aizul
Snake:1:  layout_concentric_octagons, gammafunk_ghost_cemetery, serial_shops,
          nicolae_shop_behind_doors
Snake:2:  layout_honeycomb, uniq_vashnia, uniq_frances
Snake:3:  kennysheep_six_static_rooms, layout_rooms, uniq_asterion
Snake:4:  snake_pit, layout_cave_town, grunt_ministairs_1
Orc:1:    layout_diamond_mine, special_room [special_room_orc], sword_in_stone
Orc:2:    grunt_orc_community_town_hall, layout_diamond_mine,
          grunt_orc_community_big_house_1, grunt_orc_community_big_house_2,
          grunt_orc_community_house_3, grunt_orc_community_house_3,
          grunt_orc_community_house_2, grunt_orc_community_house_1,
          grunt_orc_community_house_1, grunt_orc_community_house_1,
          nicolae_orc_tapped_out
Elf:1:    eino_elf_arrival_altar, layout_geoelf_diagonals, serial_shops,
          statue_bzr, nicolae_shop_competitors_out_of_business, shop,
          minivault_28, ebering_dispersal_statue_hall, drop_trap, st_stairs_14
Elf:2:    layout_onion_city, drop_trap, einodemon_barbed_minivault
Elf:3:    minmay_elf_hall_not_hex, layout_geoelf_diagonals, basic_altar,
          minmay_shop_mayhem
Vaults:1: hangedman_vaults_pinch, vaults_dpeg_doors, vaults_dpeg_encased_lava,
          grunt_vaults_hallway_short, hangedman_vaults_stagger,
          nicolae_vaults_shelves_hall, vaults_standard_mumra_x,
          ontoclasm_vaults_spin, nicolae_vaults_network_barrier, v_pattern_2,
          layout_vaults_omnigrid
Vaults:2: v_misc_12, grunt_vaults_funnel, grunt_vaults_hallway_short,
          grunt_vaults_trifunnel, v_misc_4, v_misc_14, grunt_vaults_focal,
          vaults_mumra_chevron, ontoclasm_vaults_loading_screen,
          nicolae_vaults_asterisk, layout_vaults_omnicross, serial_shops, shop,
          nicolae_shop_statue_plus, nicolae_shop_stone, shop
Vaults:3: v_misc_27, hangedman_vaults_stretched_pinwheel, v_misc_11,
          ontoclasm_vaults_hangar, st_lattice, minmay_crypt_entry_nasty_monster,
          nicolae_vaults_little_squares_2,
          vaults_standard_mumra_enter_the_diamond, vaults_standard_mumra_lines,
          grunt_vaults_hallway_long, v_misc_14, nicolae_vaults_yaktaur_gun_rack,
          layout_vaults_maze, serial_shops, shop_fountains, uniq_nikola
Vaults:4: nicolae_vaults_diagonal_hallway_8, nicolae_vaults_network_star,
          grunt_vaults_hallway_short, v_misc_8, nicolae_vaults_little_squares_4,
          v_rooms_5, v_misc_26, v_misc_8, nicolae_vaults_little_squares_6,
          layout_vaults_omnibox, uniq_boris, uniq_mara
Vaults:5
Depths:1: layout_gridlike, grunt_hell_entry_dis_old, minmay_misc_feat_pillars,
          laboratory, minmay_shop_grove, roderic_lattice_octagonal_star
Depths:2: grunt_crosshair, layout_gridlike, marbit_kobold_abyss_entry,
          hangedman_coc_ice_floe
Depths:3: evilmike_negative_zone, layout_cave_pools, minmay_hedge_maze,
          pan_entry, hell_entry, serial_bayou_shore_b
Depths:4: minmay_swirls_squares, layout_gridlike, pf_vacation_house_of_asmodeus,
          kennysheep_crisscross, abyss_entry_small_statue_room,
          infiniplex_staircase_pillars_1
Depths:5: grunt_bruiser_brothers, layout_basic, enter_ziggurat_d, hell_entry,
          dk_noncrumbling_2, uniq_enchantress
Zot:1:    layout_gridville
Zot:2:    layout_misc_corridors
Zot:3:    layout_misc_corridors, grunt_megastairs_3
Zot:4:    layout_twisted_circle
Zot:5:    layout_basic

Skill      XL: |  1  2  3  4  5  6  7  8  9 10 11 12 13 14 15 16 17 18 19 20 21 22 23 24 25 26 27 |
---------------+----------------------------------------------------------------------------------+-----
Long Blades    | 3 4 5 7 8 11 12 14 16 17 19 20 21 22 | 22.6
Dodging        | 3 9 12 15 | 15.0
Fighting       | 8 9 10 12 13 14 15 16 17 19 20 22 27 | 27.0
Armour         | 6 7 10 11 13 15 16 17 18 | 18.6
Invocations    | 4 7 10 11 12 13 | 13.0
Shields        | 4 10 12 13 15 16 22 | 22.0

Action                   |  1- 3 |  4- 6 |  7- 9 | 10-12 | 13-15 | 16-18 | 19-21 | 22-24 | 25-27 || total
-------------------------+-------+-------+-------+-------+-------+-------+-------+-------+-------++-------
Melee: Long sword        |   104 |   289 |   431 |   281 |       |       |       |       |       ||  1105
       Rapier            |       |       |    26 |       |       |       |       |       |       ||    26
       Double sword      |       |       |       |   223 |   833 |   741 |  1161 |   974 |  2657 ||  6589
Invok: Divine Shield     |       |       |       |     1 |    15 |     7 |    11 |    12 |    20 ||    66
       Summon Divine War |       |       |       |       |     1 |     1 |     1 |     6 |    15 ||    24
       Cleansing Flame   |       |       |       |       |     1 |       |    10 |    19 |    20 ||    50
 Abil: Evoke Berserk Rag |       |       |       |     1 |     1 |       |       |       |       ||     2
Evoke: Wand              |       |       |       |       |     1 |       |       |       |     3 ||     4
  Use: Scroll            |       |     7 |     8 |     8 |    10 |    13 |     3 |    17 |    23 ||    89
       Potion            |       |     2 |     3 |     1 |     2 |     4 |     1 |    14 |    22 ||    49
  Eat: Chunk             |       |    10 |    17 |    22 |    25 |    22 |    22 |    10 |    32 ||   160
       Ration            |       |       |       |     1 |     2 |     2 |     2 |     5 |    16 ||    28
Armor: Scale mail        |    33 |       |       |       |       |       |       |       |       ||    33
       Plate armour      |    44 |   225 |   245 |   154 |    49 |   308 |   323 |   312 |   774 ||  2434
       Chain mail        |       |       |       |    62 |   165 |       |       |       |       ||   227
Dodge: Dodged            |    20 |    34 |    51 |   155 |   298 |   248 |   395 |   374 |   922 ||  2497
       Deflected         |       |       |       |       |       |    25 |   100 |    42 |    12 ||   179
Block: Shield            |    49 |   160 |   189 |   210 |   516 |   497 |   956 |   641 |   591 ||  3809
       Buckler           |       |       |       |       |       |       |       |     3 |       ||     3
       Large shield      |       |       |       |       |       |       |       |       |  2126 ||  2126
       Reflection        |       |       |       |       |       |       |       |       |   107 ||   107
       Rpst.: Long sword |     5 |    10 |    14 |    17 |       |       |       |       |       ||    46
       Double sword      |       |       |       |    27 |   122 |    85 |   140 |   134 |   272 ||   780

Table legend:
 A = Non-vault XP
 B = Vault XP
 C = Vault XP percentage of total XP
 D = Non-vault monster count
 E = Vault monster count
 F = Vault count percentage of total count
                 A         B        C        D         E       F
            +---------+---------+-------+---------+---------+-------
      Total |  833390 |  803623 |  49.1 |    1466 |     863 |  37.1
            +---------+---------+-------+---------+---------+-------
        D:1 |      49 |       0 |   0.0 |      20 |       0 |   0.0
        D:2 |      87 |       0 |   0.0 |      17 |       0 |   0.0
        D:3 |     188 |       0 |   0.0 |      32 |       0 |   0.0
        D:4 |      57 |       0 |   0.0 |      10 |       0 |   0.0
        D:5 |     267 |      83 |  23.7 |       9 |      10 |  52.6
        D:6 |     661 |       0 |   0.0 |      20 |       0 |   0.0
        D:7 |    1089 |    1018 |  48.3 |      22 |       2 |   8.3
        D:8 |     430 |     117 |  21.4 |      17 |       7 |  29.2
        D:9 |     688 |       0 |   0.0 |      23 |       0 |   0.0
       D:10 |    2402 |    1001 |  29.4 |      23 |       2 |   8.0
       D:11 |    1188 |    8141 |  87.3 |      15 |      28 |  65.1
       D:12 |    6043 |       0 |   0.0 |      28 |       0 |   0.0
       D:13 |    9017 |       0 |   0.0 |      42 |       0 |   0.0
       D:14 |   15517 |    3304 |  17.6 |      47 |       9 |  16.1
       D:15 |    4245 |    7130 |  62.7 |      17 |      29 |  63.0
     Lair:1 |    3985 |       0 |   0.0 |      17 |       0 |   0.0
     Lair:2 |    5963 |     551 |   8.5 |      26 |       3 |  10.3
     Lair:3 |    6166 |    3482 |  36.1 |      19 |       4 |  17.4
     Lair:4 |    6644 |    2187 |  24.8 |      20 |       2 |   9.1
     Lair:5 |    1996 |    6598 |  76.8 |      11 |      24 |  68.6
     Lair:6 |   13112 |   11876 |  47.5 |      43 |      40 |  48.2
    Swamp:1 |   10253 |    2731 |  21.0 |      24 |       1 |   4.0
    Swamp:2 |    7903 |       0 |   0.0 |      15 |       0 |   0.0
    Swamp:3 |    8542 |    8040 |  48.5 |      16 |       5 |  23.8
    Swamp:4 |    8093 |   14286 |  63.8 |      14 |      25 |  64.1
    Snake:1 |   19543 |       0 |   0.0 |      37 |       0 |   0.0
    Snake:2 |   15636 |    9142 |  36.9 |      34 |       5 |  12.8
    Snake:3 |   25405 |    8119 |  24.2 |      44 |       8 |  15.4
    Snake:4 |   24739 |   34565 |  58.3 |      50 |      53 |  51.5
      Orc:1 |    1500 |    3064 |  67.1 |      10 |      18 |  64.3
      Orc:2 |    4275 |    5041 |  54.1 |      45 |      73 |  61.9
      Elf:1 |   14217 |   13064 |  47.9 |      22 |      21 |  48.8
      Elf:2 |   24142 |   36472 |  60.2 |      36 |      44 |  55.0
      Elf:3 |   13663 |   36851 |  73.0 |      25 |      26 |  51.0
   Vaults:1 |   21248 |   17188 |  44.7 |      50 |      28 |  35.9
   Vaults:2 |   24218 |   12031 |  33.2 |      56 |      18 |  24.3
   Vaults:3 |   43148 |   26193 |  37.8 |      67 |      27 |  28.7
   Vaults:4 |   19381 |   29578 |  60.4 |      24 |      27 |  52.9
   Vaults:5 |   39981 |  122200 |  75.3 |      52 |      85 |  62.0
   Depths:1 |   22332 |   13398 |  37.5 |      40 |      18 |  31.0
   Depths:2 |   22465 |   37046 |  62.3 |      31 |      36 |  53.7
   Depths:3 |   23289 |   38732 |  62.4 |      29 |      42 |  59.2
   Depths:4 |   26531 |   43039 |  61.9 |      38 |      19 |  33.3
   Depths:5 |   71554 |   31586 |  30.6 |      59 |      26 |  30.6
      Zot:1 |   49853 |       0 |   0.0 |      30 |       0 |   0.0
      Zot:2 |   33554 |    4106 |  10.9 |      24 |       2 |   7.7
      Zot:3 |   90276 |     989 |   1.1 |      51 |       2 |   3.8
      Zot:4 |   30499 |   22661 |  42.6 |      18 |       4 |  18.2
      Zot:5 |   51480 |  173423 |  77.1 |      33 |      41 |  55.4
    Abyss:5 |    5320 |    8635 |  61.9 |      13 |      12 |  48.0
     Bailey |       0 |    2408 | 100.0 |       0 |      24 | 100.0
   Gauntlet |     556 |    3547 |  86.4 |       1 |      13 |  92.9
            +---------+---------+-------+---------+---------+-------
